 Dungeon Crawl Stone Soup version 0.24.0-13-gcf9b3192b9 (webtiles) character file.

Game seed: 18324535542844642988, levelgen mode: deterministic

812 Mrkan the Chopper (level 7, -6/62 HPs)
             Began as a Hill Orc Fighter on Nov 5, 2019.
             Was a Follower of Beogh.
             Killed by divine providence
             ... invoked by an orc priest
              (10 damage)
             ... on level 5 of the Dungeon.
             The game lasted 00:07:57 (4733 turns).

Mrkan the Chopper (Hill Orc Fighter)                Turns: 4733, Time: 00:07:57

Health: -6/62      AC: 13    Str: 20    XL:     7   Next: 93%
Magic:  7/7        EV:  3    Int:  8    God:    Beogh [*.....]
Gold:   234        SH: 14    Dex: 11    Spells: 6/6 levels left

rFire    . . .     SeeInvis .   a - +0 war axe
rCold    . . .     Gourm    .   x - +0 large shield
rNeg     . . .     Faith    .   D - +0 chain mail
rPois    .         Spirit   .   k - +0 helmet
rElec    .         Reflect  .   v - +0 cloak
rCorr    .         Harm     .   h - +0 pair of gloves
MR       .....                  (no boots)
Stlth    ..........             (no amulet)
HPRegen  0.20/turn              (no ring)
MPRegen  0.10/turn              (no ring)

@: no status effects
A: no striking features
a: Renounce Religion


You were on level 5 of the Dungeon.
You worshipped Beogh.
Beogh was aware of your devotion.
You were not hungry.

You visited 1 branch of the dungeon, and saw 5 of its levels.

You collected 234 gold pieces.

Inventory:

Hand Weapons
 a - a +0 war axe (weapon)
Armour
 h - a +0 pair of gloves (worn)
 k - a +0 helmet (worn)
 v - a +0 cloak (worn)
 x - a +0 large shield (worn)
 D - a +0 chain mail (worn)
Jewellery
 b - the ring "Fipeibok" {Wiz rElec rPois, unknown}
   (You found it on level 5 of the Dungeon)

   [ring of wizardry]

   It improves your spell success rate.
   It insulates you from electricity.
   It protects you from poison.
 l - a +6 ring of evasion {unknown}
 B - a cursed ring of attention {unknown}
Wands
 p - a wand of polymorph (9)
 y - a wand of enslavement (17)
Scrolls
 c - a scroll of random uselessness {unknown}
 e - 3 scrolls of remove curse {unknown}
 m - a scroll of fog {unknown}
 n - 3 scrolls of teleportation {unknown}
 o - a scroll of enchant armour {unknown}
 s - a scroll of fear {unknown}
 u - 2 scrolls of identify {unknown}
 z - a scroll of immolation {unknown}
 A - a scroll of noise {unknown}
Potions
 d - 2 potions of might
 g - a potion of invisibility {unknown}
 i - 2 potions of lignification {unknown}
 j - 2 potions of heal wounds {unknown}
 q - 3 potions of resistance {unknown}
 r - 3 potions of degeneration {unknown}
 t - a potion of haste {unknown}
 w - a potion of mutation {unknown}
 C - a potion of flight {unknown}
Comestibles
 f - 6 rations


   Skills:
 + Level 5.8 Fighting
 * Level 7.6 Axes
 + Level 5.2 Armour
 + Level 5.3 Shields


You had 6 spell levels left.
You didn't know any spells.
Your spell library contained the following spells:

 Spells                   Type           Power        Failure   Level  Hunger
 Corona                   Hex            #......      100%        1    ##.....
 Ensorcelled Hibernation  Hex/Ice        #.....       100%        2    ###....
 Confuse                  Hex            #.......     100%        3    ####...
 Dazzling Spray           Conj/Hex       #.....       100%        3    ####...
 Tukima's Dance           Hex            #.......     100%        3    ####...


Dungeon Overview and Level Annotations

Branches:
Dungeon (5/15)
 Temple: D:4-7

Altars:
Ru
Sif Muna


Message History

You hit the ogre.
The ogre is lightly wounded.
You block the orc priest's attack. You block the ogre's attack.
The orc priest hits you but does no damage.
You slash the ogre!
The ogre is severely wounded.
The orc priest invokes the aid of Beogh against you.
Beogh smites you! You block the ogre's attack.
The orc priest barely misses you.
You hit the ogre.
The ogre is severely wounded.
The orc priest looks braver for a moment.
The ogre hits you with a +0 giant club!!
* * * LOW HITPOINT WARNING * * *
Okay, then.
The orc priest miscasts a cantrip.
The orc priest invokes the aid of Beogh against you.
Beogh smites you!
You die...
Beogh appreciates the orc priest's killing of a heretic priest.

.....o......## ##.....#####....#
....#........##...............#
.#o##.#...##...(..............#
#.........##..#...........[..###
####.##.#.##...####..#####.[....
##..##...##......##.....[.#....
#o.####..#........#............
#o#####.............#####..#...
#o# #...oo...O@.....# #..#...
#.# #.#............## #..####
#.###.###..........######..####
#.o.o.# #..........##..........
#..#### ##....)...###..........
#.## #..........##.......... ###
#..........##.>........
#..........##........รท.
.........##.......<).


You could see an ogre and 2 orc priests.

Vanquished Creatures
  Eustachio (D:4)
  An ogre (D:4)
  A scorpion (D:4)
  4 orc priests
  A hound (D:4)
  2 orc wizards (D:5)
  Jessica (D:2)
  2 worker ants (D:4)
  An iguana (D:5)
  9 adders
  3 gnolls
  2 oozes
  An adder zombie (D:4)
  4 worms
  3 dart slugs
  A leopard gecko (D:1)
  15 orcs
  A ball python (D:2)
  4 giant cockroaches
  10 goblins
  8 hobgoblins
  9 jackals
  10 bats
  6 frilled lizards
  13 kobolds
  11 rats
124 creatures vanquished.

Vanquished Creatures (others)
  2 orc priests (D:4)
  A gnoll (D:4)
  An orc (D:4)
4 creatures vanquished.

Grand Total: 128 creatures vanquished

Notes
Turn   | Place    | Note
-------+----------+-------------------------------------------
     0 | D:1      | Mrkan the Hill Orc Fighter began the quest for the Orb.
     0 | D:1      | Reached XP level 1. HP: 19/19 MP: 1/1
    17 | D:1      | Reached skill level 3 in Axes
   268 | D:1      | Reached XP level 2. HP: 27/27 MP: 2/2
   398 | D:1      | Reached XP level 3. HP: 26/33 MP: 3/3
   888 | D:2      | Reached skill level 4 in Axes
   917 | D:2      | Reached XP level 4. HP: 37/40 MP: 4/4
  1260 | D:2      | Found a shimmering blue altar of Sif Muna.
  1260 | D:2      | Noticed Jessica
  1268 | D:2      | Killed Jessica
  1268 | D:2      | Reached XP level 5. HP: 30/47 MP: 5/5
  1915 | D:2      | Reached skill level 5 in Axes
  2273 | D:3      | Reached XP level 6. HP: 51/53 MP: 6/6
  2413 | D:3      | Found a sacrificial altar of Ru.
  2632 | D:4      | Became a worshipper of Beogh the Brigand
  2906 | D:4      | Reached skill level 5 in Fighting
  3229 | D:4      | Reached skill level 6 in Axes
  3520 | D:4      | Reached XP level 7. HP: 55/61 MP: 7/7
  3621 | D:4      | Noticed Eustachio
  3656 | D:4      | Killed Eustachio
  4158 | D:4      | Reached skill level 7 in Axes
  4158 | D:4      | Reached skill level 5 in Armour
  4158 | D:4      | Reached skill level 5 in Shields
  4454 | D:5      | Entered Level 5 of the Dungeon
  4670 | D:5      | Got a transparent glass ring
  4709 | D:5      | Reached * piety under Beogh
  4717 | D:5      | HP: 1/62 [ogre/+0 giant club (19)]
  4733 | D:5      | Killed from afar by an orc priest

Levels and vault maps discovered:
D:1:      dpeg_arrival_radiant, layout_rooms, minivault_27,
          kennysheep_decorative_pillar, minmay_misc_feat_five,
          corexii_leaking_fountain, wander_ebering_terrifying_dragon_lair
D:2:      layout_loops_corners, lemuel_round_altar, uniq_jessica
D:3:      layout_rooms, first_ration, nicolae_ru_great_annihilating_truth
D:4:      layout_basic, serial_co_window_serial, co_window_paths_a,
          co_window_paths_a, co_window_paths_a, co_window_corner_a,
          co_window_paths_a, co_window_of_opportunity_a, co_window_corner_b,
          co_window_corner_cb, co_window_2corner, co_window_2corner,
          co_window_corner_b, co_window_unsneaky_path_d, glass_columns_c,
          minmay_misc_feat_hallway, uniq_eustachio
D:5:      layout_rooms, minmay_temple_entry_nine_rooms, basic_altar,
          minmay_fractal_squares_gapless_5

Skill      XL: |  1  2  3  4  5  6  7 |
---------------+----------------------+-----
Axes           | 3 4 5 6 7 |  7.6
Fighting       | 4 5 |  5.8
Armour         | 4 5 |  5.2
Shields        | 4 5 |  5.3

Action                   |  1- 3 |  4- 6 |  7- 9 || total
-------------------------+-------+-------+-------++-------
Melee: War axe           |    69 |   223 |    99 ||   391
Invok: Convert to Beogh  |       |     1 |       ||     1
 Stab: Paralysed         |       |     1 |       ||     1
  Eat: Chunk             |       |     9 |     4 ||    13
Armor: Scale mail        |    32 |    99 |    17 ||   148
       Chain mail        |       |       |    33 ||    33
Dodge: Dodged            |    28 |    79 |    10 ||   117
Block: Shield            |    46 |   107 |       ||   153
       Large shield      |       |    43 |    98 ||   141
